[Event "EU-ch 12th"]
[Site "Aix les Bains"]
[Date "2011.03.27"]
[Round "6"]
[White "Pavlov, Sergey1"]
[Black "Inarkiev, Ernesto"]
[Result "0-1"]
[ECO "B43"]
[WhiteElo "2526"]
[BlackElo "2674"]
[Annotator "Marchand,A/Primel,D"]
[PlyCount "118"]
[EventDate "2011.03.22"]
[EventType "swiss"]
[EventRounds "11"]
[EventCountry "FRA"]
[SourceTitle "CBM 142 Extra"]
[Source "ChessBase"]
[SourceDate "2011.06.27"]
[SourceVersion "1"]
[SourceVersionDate "2011.06.27"]
[SourceQuality "1"]
[TimeControl "40/5400+30:1800+30"]

1. e4 c5 2. Nf3 e6 3. d4 cxd4 4. Nxd4 a6 5. Nc3 Qc7 6. g3 Bb4 $1 {Le plus
précis car les Noirs doivent jouer activement dans cette variante avant que
les Blancs n'aient le temps de terminer le développement} 7. Bd2 (7. Nde2 Nf6
8. Bg2 Be7 9. O-O Nc6 10. h3 O-O (10... h5 $5)) 7... Nf6 8. Bg2 {91} Nc6 {[%csl Rd4] 91} 9. Nxc6 {85} (9. Nb3 Be7 $132 (9... h5 {
[%cal Gh5h4] Une idée intéressante de Miezis})) 9... bxc6 {91} ({RR} 9... dxc6
10. O-O O-O 11. Re1 Bd6 12. f4 e5 13. f5 Rd8 14. Qe2 b5 15. Be3 a5 16. g4 Ba6
17. Qf3 Nd7 18. g5 Bc5 19. Nd1 b4 20. Nf2 Bxe3 21. Rxe3 f6 22. Qh5 fxg5 23.
Qxg5 Nf6 24. Rg3 {Iuldachev,S (2511)-Ivanchuk,V (2709)/Bled 2002/EXT 2003/0-1 
(58)}) 10. O-O Be7 11. Na4 {[%csl Gc5] 79} O-O {75} ({RR} 11... Rb8 12. c4 d6 {
[%emt 0:33:20] 1/2-1/2 Aleksic,N (2415)-Tompa,J (2420)/Catania 1990/EXT}) ({RR
} 11... Bb7 12. Re1 d5 {[%emt 0:33:19] 1/2-1/2 Timman,J (2510)-Gheorghiu,F 
(2540)/Teeside 1975/ EXT}) 12. c4 d6 13. c5 $1 $146 {51 Une nouveauté
probablement trouvée devant l'échiquier} (13. Re1 Nd7 {Sipos,I (2482)
-Feuerstack,A (2395) Winterthur op 9th 2009 (5) 1-0}) 13... d5 {62} 14. Nb6 Ra7
15. exd5 Nxd5 16. Rc1 {[%cal Gc1c6] 43} a5 {40} 17. Re1 Nb4 $6 (17... Rd8 ) 18. Bf4 {21} Qb7 {25 Les deux adversaires sont en léger retard
а la pendule} 19. a3 {16} Rd8 {20} (19... Nd5) 20. Qa4 {Les Blancs ont un bon
avantage d'espace mais plus que 07 mns pour passer le contrôle de temps} Nd5
21. Nxd5 exd5 22. Bd6 $1 Bf8 (22... Be6 23. Bxe7 Qxe7 24. Qxc6)
23. Rc2 {05} Be6 {12} 24. Qh4 Qd7 (24... Raa8) 25. Bxf8 Rxf8 26.
b4 $6 {Permet а la Ra7 de s'activer et avec l'avantage au temps, les Noirs ont
des meilleures chances} (26. Qd4 h6 (26... Rb8))
26... Rb8 $1 27. Rd2 {04} axb4 {09} 28. axb4 Ra4 $132 29. Rd4 h6
30. Bf1 {02} Qb7 {08} 31. b5 $5 Rxd4 32. Qxd4 cxb5 33. Qb4 $44 Bd7 34. Re7 Re8
35. Qh4 Qc8 (35... Rxe7 36. Qxe7 Qc8) 36. Rxe8+ Qxe8 37. Bd3 Bc6 38. Kf1 Qb8 $1 39. Qg4 b4 40. Ke1 Qe5+ (40... b3) 41. Kf1 Qb8 42. Ke1
b3 43. Kd2 h5 $1 44. Qf4 (44. Qxh5 Qb4+ 45. Ke2 Bb5 $5 (45... b2 46. Qh7+ Kf8 47. Qh8+ Ke7 48. Qxg7 b1=Q 49.
Bxb1 Qxb1 50. Qe5+ Kd8 51. Qd6+ Bd7 52. Qxd5 $44 ) 46. Qxd5 Bxd3+ 47. Qxd3 b2 48. Qb1 Qc4+ 49. Kd2 Qd4+) 44... Qa7 45.
Qb4 g6 46. Kc3 Qa1+ 47. Kxb3 Qd1+ 48. Bc2 Qf3+ 49. Qc3 Qxf2 50. h4 d4 $1 {
[%csl Gd4] Non seulement, le P passé est trés dangereux mais le B récupère la
case "d5"} 51. Qd3 Bd7 52. Qe4 Qxg3+ 53. Kc4 Be6+ 54. Kxd4 Qf2+ 55. Ke5 Qxc5+
56. Kf6 Qc3+ 57. Ke7 Qc7+ 58. Kf6 Qd8+ 59. Ke5 Bf5 0-1

[Event "EU-ch 12th"]
[Site "Aix les Bains"]
[Date "2011.03.28"]
[Round "7"]
[White "Jansa, Vlastimil"]
[Black "Ptacnikova, Lenka"]
[Result "1-0"]
[ECO "B43"]
[WhiteElo "2513"]
[BlackElo "2307"]
[Annotator "Marchand,A/Primel,D"]
[PlyCount "53"]
[EventDate "2011.03.22"]
[EventType "swiss"]
[EventRounds "11"]
[EventCountry "FRA"]
[SourceTitle "CBM 142 Extra"]
[Source "ChessBase"]
[SourceDate "2011.06.27"]
[SourceVersion "1"]
[SourceVersionDate "2011.06.27"]
[SourceQuality "1"]
[TimeControl "40/5400+30:1800+30"]

1. e4 c5 2. Nf3 e6 3. Nc3 a6 4. d4 cxd4 5. Nxd4 Qc7 6. Bd3 Nf6 7. O-O Bc5 8.
Nb3 Be7 9. Qe2 (9. f4) 9... d6 10. f4 {81} Nc6 {84} (10... Nbd7) 11. Bd2 b5 12.
Rae1 {82} b4 {78} 13. Nd1 Nd7 $146 ({RR} 13... a5 14. e5 dxe5 15. fxe5 Nd7 16.
Bf4 a4 17. Nd2 Nc5 18. Bc4 Nd4 19. Qg4 Nf5 20. Ne3 O-O 21. Rf3 g6 22. Rh3 Bb7
23. Nf3 Ne4 24. Bd3 Qc5 25. Ng5 h5 26. Rxh5 gxh5 27. Qxh5 Bxg5 28. Bxg5 {
Pogonina,N (2442)-Maletin,P (2575)/Samara 2011/Mega2011 Update 30/0-1 (31)})
14. Ne3 {69} O-O {54} 15. Rf3 (15. Qf3 {La saisie de la FFE et c'est Rf3 qui
été joué dans la partie.} Re8 16. e5 g6 17. Ng4 Bb7 18. Qh3 h5 19. Nh6+ Kg7 20.
Nxf7 $1 Rf8 21. exd6 Bxd6 22. Nxd6 Qxd6 23. Qg3 Ne7 24. Qg5 Bc6 25. Rxe6 Qd5
26. c3) 15... Re8 16. e5 {52} g6 17. Ng4 $36 Bb7 18. Rh3 a5 $4
(18... Nf8 $1 ) 19. Nh6+ Kg7 20. Nxf7 $1 Nf8 21. exd6 Bxd6 22.
Nxd6 Qxd6 23. Qf2 Ne7 24. Nc5 Bc6 25. Ne4 Qd5 26. c3 e5 27. fxe5 1-0

[Event "EU-ch 12th"]
[Site "Aix les Bains"]
[Date "2011.04.01"]
[Round "10"]
[White "Andriasian, Zaven"]
[Black "Papin, Vasily"]
[Result "1-0"]
[ECO "B43"]
[WhiteElo "2645"]
[BlackElo "2569"]
[Annotator "Marchand,A/Primel,D"]
[PlyCount "69"]
[EventDate "2011.03.22"]
[EventType "swiss"]
[EventRounds "11"]
[EventCountry "FRA"]
[SourceTitle "CBM 142 Extra"]
[Source "ChessBase"]
[SourceDate "2011.06.27"]
[SourceVersion "1"]
[SourceVersionDate "2011.06.27"]
[SourceQuality "1"]
[TimeControl "40/5400+30:1800+30"]

1. e4 c5 2. Nf3 e6 3. Nc3 a6 4. d4 cxd4 5. Nxd4 Qc7 6. Bd3 d6 {En général sur
la Kan, on retarde au maximum cette poussée pour donner des options de
développement au B de cases noires en b4,c5 ou même d6} (6... Nf6 7. Be3 (7.
O-O Bc5 8. Nb3 Be7 (8... Ba7) 9. f4 d6 10. a4 (10. Qe2) (10. Qf3) 10... Nc6 11.
a5 b5 12. axb6 Qxb6+ 13. Kh1 O-O 14. Qf3 Nb4 15. Be3 Qc7 16. e5 Bb7 17. Qh3
dxe5 18. fxe5 Qxe5 19. Ra5 Nxd3 (19... Qd6 {Cette idée du GMI Huebner semble
plus solide} 20. Bxh7+ Nxh7 21. Rh5 e5 22. Bc5 (22. Rxh7 Bxg2+ 23. Kxg2 (23.
Qxg2 Kxh7) 23... Qg6+) 22... Qg6 23. Bxe7 Nxc2 $13) 20. Rxe5 Nxe5 $44 {Timman,
J (2650)-Kurajica,B (2530) Reggio Emilia 8485 27th 1984 (8) 1-0}) 7... Nc6 {
Retombe sur une Taimanov} 8. O-O Ne5 (8... Nxd4 9. Bxd4 Bc5 (9... Bd6)) (8...
Bd6 {Lors d'une conférence au club central de Moscou en 1966, Tal avait
préconisé de répondre а ce coup original Nc6} 9. Nxc6 (9. Kh1 h5) 9... bxc6 10.
f4 e5 11. Qf3 $5 {Tal} exf4 12. Bd4 Be5 13. Bxe5 Qxe5 14. Ne2 d6 (14... g5 15.
g3 $44 ))) (6... Nc6) 7. a4 {[%cal Ga4a5] Rarement joué aussi tôt}
(7. O-O {La grande ligne} Nf6 8. f4 Be7 9. Kh1) 7... b6 {Les Noirs veulent
éviter l'affaiblissement de l'aile-dame par a4a5 mais il est aussi possible de
continuer le développement.} (7... Nf6 8. O-O (8. a5 {Paradoxalement aucune
partie n'a suivi la menace a4a5!}) 8... Be7 9. f4 b6 10. Kh1 Nbd7 11. Qe2) 8.
O-O Nd7 (8... Nf6 9. f4 Bb7 {Movsesian,S (2723)-Ivanchuk,V (2781) Moscow Tal
Memorial Blitz 2008 (19) 0-1}) 9. f4 Ngf6 10. Qe2 {90} Bb7 {91} (10... Be7) 11.
Bd2 $1 (11. Kh1) 11... g6 $5 (11... Be7 {La grande ligne}
12. Kh1 O-O 13. Rae1 Nc5 14. b4 $5) 12. Rae1 {83} Bg7 {[%csl Rd4][%cal Gg7d4]
82} (12... e5 {Stromboli,C (2257)-Sabia,C (2174) Bagnara Calabra op 1st 2008 
(6) 1-0}) 13. Nf3 (13. f5 $5 gxf5 $1 {Une manoeuvre thématique sur la Kan et
après e6e5, il n'est pas facile d'attaquer le K Noir sans sacrifier.} 14. exf5
e5) 13... O-O $11 14. Kh1 Rfe8 15. Qf2 d5 {Un coup thématique mais peut-être
pas le plus précis} (15... Nc5 16. e5 Nfd7 (16... Ng4 17. Qg3)) (
15... Rac8 16. Qh4 (16. e5 $6 dxe5 17. fxe5 Ng4 )) 16.
e5 Ne4 17. Bxe4 dxe4 18. Ng5 {46} f5 $1 {58} 19. exf6 Nxf6 (19... Bxf6 $6 20.
Ngxe4) 20. Be3 {40} h6 {43} 21. Bxb6 Qc4 $44 {Les Noirs ont la paire de B et
les Blancs n'ont pas de menaces immédiates.} 22. Nh3 {[%csl Rh3] 40} Rac8 {39}
23. a5 {35} Qb4 {20} (23... Nh5 $13) 24. Nd1 e3 $6 (24... Nd5 $1 25. c3 Qb5 26. Ne3 Nxb6) 25. Nxe3 Qxb2 26. c4 $1 Qa3 27. Rd1 Ne4
28. Qc2 {[%cal Gc2g6] 20} Qc3 {04} 29. Qxc3 Nxc3 $2 $138 (29... Bxc3 $142 $8
30. Rd7 Bc6) 30. Rd7 Be4 31. Nf2 Bh8 32. Nfg4 Kf8 33. Rh7 Bg7 34. Rxg7 h5 35.
Nf6 1-0

[Event "EU-ch 12th"]
[Site "Aix les Bains"]
[Date "2011.04.01"]
[Round "10"]
[White "Vuckovic, Bojan"]
[Black "Manolache, Marius"]
[Result "1-0"]
[ECO "B43"]
[WhiteElo "2626"]
[BlackElo "2546"]
[Annotator "Marchand,A/Primel,D"]
[PlyCount "73"]
[EventDate "2011.03.22"]
[EventType "swiss"]
[EventRounds "11"]
[EventCountry "FRA"]
[SourceTitle "CBM 142 Extra"]
[Source "ChessBase"]
[SourceDate "2011.06.27"]
[SourceVersion "1"]
[SourceVersionDate "2011.06.27"]
[SourceQuality "1"]
[TimeControl "40/5400+30:1800+30"]

1. e4 c5 2. Nf3 e6 3. d4 cxd4 4. Nxd4 a6 5. Nc3 Qc7 (5... b5 6. Bd3 Qb6 7. Nf3
$1 Qc7 8. O-O Bb7 9. Re1 Be7 10. Bg5 Bxg5 $11 {Areshchenko,A (2688)-Pantsulaia,
L (2595) EU-ch 13th Plovdiv 2012 (6) 0-1}) 6. Bd3 Nf6 (6... Bd6 7. Qg4 (7. Be3
Nf6 8. g4 $13) 7... Be5) 7. O-O Bc5 $5 (7... Nc6 {[%cal Gc6e5] Retombe sur une
Taimanov}) (7... b5) 8. Nb3 (8. Be3 {pose moins de problèmes aux Noirs pour
égaliser} d6 9. Qe2 (9. Qf3 Nbd7 10. Qg3 O-O 11. Nce2 Kh8 12. Bg5
h6 13. Qh4 Nh7 $13 {Djukic,N (2523)-Pikula,D (2530) SCG-ch 2nd Pancevo 2006 (2)
1/2}) 9... Nbd7 10. f4 b5 11. Nb3 Bxe3+ (11... b4 $5 12. Na4 (12. Nd1 Bb7 13.
Nxc5 Nxc5 ) 12... Bxe3+ 13. Qxe3 Qc6) 12. Qxe3 O-O $11 {Luecke,N 
(2415)-Bischoff,K (2500) Altensteig 1989 1/2}) 8... Be7 (8... Ba7 {
L'alternative et au vu de la partie, cette variante Ba7 semble nettement plus
solide que Be7} 9. Qe2 d6 10. Be3 Bxe3 (10... Nc6 11. Bxa7 Rxa7
12. f4 b5 13. a4 b4 14. Nd1 a5 (14... e5 15. Ne3 Be6 16. Bxa6 $13)
(14... O-O 15. a5 )) 11. Qxe3 Nc6 12. f4 O-O (12... b5 13. Rae1 ) 13. Rae1 b5 (13... Nb4 14. e5 $1) (13... g6 $5) 14. Kh1 (14. e5
dxe5 15. fxe5 Nd7 16. Qe4 g6 17. Rf3 Ndxe5) 14... Bb7 15. Rf3 b4 16. Na4 Rac8
17. Rh3 (17. Rg3 ) 17... e5 $1 $11 18. f5 Ne7 (18... d5) 19. Rg3 (19. c3 Bc6 ) 19... Kh8 (19... d5 20. Qg5) 20.
Qg5 Rg8 21. Nd2 Bc6 22. b3 d5 $17) 9.
f4 d6 10. e5 $1 {86 Une variante trés dangereuse pour les Noirs} (10. Qf3 {
La grande ligne}) (10. Qe2 Nbd7 11. Bd2 b5 12. Rae1 b4 13. Nd1 Bb7 14. Nf2 a5
$132 {Gdanski,J (2540)-Movsesian,S (2640) MK Cafe Cup-A 1998 (5) 0-1}) (10. a4
Nc6 (10... b6) 11. a5 $1 b5 12. axb6 Qxb6+ 13. Kh1 $14 {Ponomariov,R (2738)
-Ivanchuk,V (2731) RUS-chT 13th 2006 (6) 1/2}) 10... dxe5 {79} 11. fxe5 Qxe5 {
Risqué} (11... Nfd7 {Plus solide mais les Blancs ont des bonnes compensations}
12. Qg4 $36 g6 13. Bh6 $1 (13. Bf4 Nxe5 14. Qg3 Nbd7 {Diu,V (2475)-Zakhartsov,
V (2578) RUS-ch Higher League 64th 2011 (3) 1-0} (14... Nbc6 $142 15. Rae1 f6
$8 16. Be4 (16. Ne4) 16... Bd7 17. Bxc6 Qb6+ {Sipos,I (2482)-Feuerstack,A 
(2395) Winterthur op 9th 2009 (5) 1-0} (17... Qxc6 18. Bxe5 fxe5 19. Qxe5 O-O-O
))) 13... Nxe5 14. Qg3 $44 {[%csl Re5][%cal Gg3c7,Gh6g7,Gg7e5,Gg7h8];Zinchenko,
Y (2544)-Filip,L (2470) Paleochora op 3rd 2010 (4) 1-0}) 12. Bf4 $44 Qh5 13.
Be2 Qg6 (13... Qh4 $6 14. g3 Qh3 15. Ne4 $1 ) 14. h4 $1
$146 {[%csl Rg6] C'est quasiment la réfutation de la variante Bc5!} (14. Bd3 {
Bok,B (2430)-Van Wely,L (2653) NED-ch65 Eindhoven 2010 (4) 1/2}) 14... h5 (14... e5 15. h5 (15. Bxe5 Nc6)) (14... h6 15. h5 Qh7 )
15. Bg5 {82} Ng4 {49} 16. Bd3 (16. Bxe7 {Plus simple pour profiter de l'avance
de développement} Kxe7 17. Qd4 Rd8 18. Qc5+ Ke8 19. Bd3 $32 ) 16... f5 17. Bxe7 Kxe7 18. Qe2 Kf7 (18... Kf8 $6 ) 19. Ne4 $1 Rd8 (19... Nc6 $142) 20. Ng5+
Kf8 $6 (20... Kg8 $142 21. Rae1 Nc6) 21. Nc5 Re8 {Accentuant
le retard de développement} 22. Rae1 $18 e5 23. Bxf5 Bxf5 24. Rxf5+ Kg8 25.
Qc4+ Kh8 26. Nf7+ Kh7 27. Rg5 b5 28. Qd5 Qc6 29. Rxh5+ Nh6 30. Qd3+ Kg8 31.
Nxh6+ gxh6 32. Rhxe5 Rxe5 33. Rxe5 Ra7 34. Qd8+ Kh7 35. Qxb8 Rg7 36. Ne4 Qg6
37. g3 {Une partie d'intérêt théorique} 1-0

[Event "Rohde op 12th"]
[Site "Sautron"]
[Date "2012.10.30"]
[Round "5"]
[White "Lagarde, Maxime"]
[Black "Oleksienko, Mikhailo"]
[Result "1/2-1/2"]
[ECO "B43"]
[WhiteElo "2501"]
[BlackElo "2539"]
[Annotator "Primel,D"]
[PlyCount "58"]
[EventDate "2012.10.27"]
[EventType "swiss"]
[EventRounds "9"]
[EventCountry "FRA"]
[SourceTitle "EXT 2014"]
[Source "ChessBase"]
[SourceDate "2013.11.20"]
[SourceVersion "1"]
[SourceVersionDate "2013.11.20"]
[SourceQuality "1"]
[TimeControl "40/5400+30:1800+30"]
[WhiteClock "1:30:00"]
[BlackClock "1:30:00"]

1. e4 c5 2. Nf3 e6 3. d4 cxd4 4. Nxd4 a6 5. Nc3 b5 (5... Qc7) 6.
Bd3 Qb6 {[%emt 0:00:07] Une variante risquée car les Noirs
sont en retard de développement} 7. Nf3 $1 {[%emt 0:00:34][%cal Ge4e5] La
ligne critique et après la poussée thématique e4e5, les Blancs ont un avantage
d'espace au centre.} Qc7 (7... Nc6 8. O-O Qb8 $5 {[%cal Gf8d6]
;Grischuk,A (2746)-Svidler,P (2739) FIDE World Cup 2011 (7.1) 0-1}) 8. O-O Bb7 9. Re1 $1 {[%emt 0:01:41] Surprotégeant
le P"e5"} Be7 10. e5 f5 11.
Nh4 (11. Bf4) 11... g6 {[%emt 0:00:24]
Pare la menace Qh5 mais au détriment d'un affaiblissement des cases Noires et
les Noirs devront perdre un temps pour développer le Ng8} 12. Nf3 Nc6 13. a4 b4 14. Nb1 Bc5 15. Nbd2 Na5 {[%emt 0:00:
11] Continuant de jouer а tempo} 16. Nb3 (16. Nf1 h6 17. Be3
Ne7 18. Bxc5 Qxc5 19. Ne3 O-O $11 {Zelcic,R (2564)-Markus,R (2635) Zlatni Rat
op 2nd 2011 (8) 0-1}) 16... Nxb3 17. cxb3 Ne7
$146 ({RR} 17... h6 18. Be3 Bxe3 19. Rxe3 Ne7 20. Nd2 Nd5 21.
Re1 Nf4 22. Bf1 Qc6 23. f3 Qb6+ 24. Kh1 Qf2 25. Rc1 O-O 26. Rc2 Qd4 27. Rc4
Qxb2 28. Rxf4 Bd5 29. Nc4 Qf2 30. Rd4 f4 31. Qd2 Qxd2 32. Rxd2 {Gao,R (2442)
-Fan,H (2062)/Beijing 2012/EXT 2013/1-0 (43)}) 18. Bh6 $1 Bd5 19. Nd2 (19. Bc4 Qb7) 19... Bd4 20. Rc1 Qa7 21. Be3 O-O
$11 22. Nc4 Rac8 23. Qd2 Bxe3 24. Qxe3 Qxe3 25. Rxe3 Rc5 $132 26.
Ree1 Rfc8 27. Rcd1 R8c7 28. f4 Nc6 29. Bf1 (29. Kf2 Na5 ) 29... Na5 1/2-1/2

[Event "Rohde op 09th"]
[Site "Sautron"]
[Date "2009.10.27"]
[Round "5"]
[White "Potkin, Vladimir"]
[Black "Meijers, Viesturs"]
[Result "1/2-1/2"]
[ECO "B43"]
[WhiteElo "2615"]
[BlackElo "2471"]
[Annotator "Primel,D"]
[PlyCount "123"]
[EventDate "2009.10.24"]
[EventType "swiss"]
[EventRounds "9"]
[EventCountry "FRA"]
[SourceTitle "EXT 2010"]
[Source "ChessBase"]
[SourceDate "2010.11.25"]
[SourceVersion "1"]
[SourceVersionDate "2010.11.25"]
[SourceQuality "1"]
[TimeControl "6000"]
[WhiteClock "0:00:11"]
[BlackClock "0:00:18"]

1. e4 c5 2. Nf3 e6 3. d4 cxd4 4. Nxd4 a6 5. Nc3 b5 {Une variante assez risquée
pour les noirs qui n'ont joué que des P jusqu'au 5ème coup.} 6. Bd3 Bb7 (6...
Qb6 {La ligne Qb6 est désormais en crise après Nf3} 7. Nf3 $16) 7. O-O b4 {
une ligne rare et risquée mais souvent jouée par le letton depuis quelques
années et il est intéressante de voir la préparation du russe sur cette
variante.} (7... Qb6 8. Nf3 Qc7 9. Re1 Bc5 10. e5 f5 11. exf6 Nxf6 12. Ne4 Bxe4
13. Bxe4 Nc6 14. Bxc6 Qxc6 15. Ne5 Qc7 16. Bf4 O-O 17. Bg3 Qb7 18. Qe2 Bb6 19.
Kh1 Rac8 20. Rad1 Nd5 21. c3 Ba7 22. Rd2 {Adams,M (2715)-Topalov,V (2700)/
Tilburg 1998/EXT 1999/1-0 (61)}) (7... Qc7 {la grande ligne}) 8. Nb1 ({RR} 8.
Na4 Nc6 (8... Nf6 9. Re1 Nc6) 9. Nf3 Nf6 10. c4 d6 11. a3 Be7 12. Bd2 a5 13.
Be3 O-O 14. h3 Nd7 15. Rc1 Nce5 16. Nxe5 Nxe5 17. axb4 Nxd3 18. Qxd3 axb4 19.
b3 Bc6 20. Ra1 Qa5 21. Bd4 Qg5 22. f3 Rfb8 {Kalegin,E (2490)-Khamrakulov,I 
(2552)/Salou 2009/Mega2009 Update 19/1/2-1/2 (80)}) 8... Nf6 9. Qe2 Qc7 10. a3
$5 $146 ({RR} 10. c4 h5 11. h3 h4 12. Nd2 Nc6 13. Nxc6 Qxc6 14. Re1 Bd6 15. Nf3
Nh5 16. e5 Bc5 17. Qc2 f5 18. exf6 Nxf6 19. Bg6+ Kf8 20. Bg5 Rc8 21. Bxf6 gxf6
22. Be4 Qc7 23. Bxb7 Qxb7 24. Qg6 Be7 {Lejarre,L (2331)-Meijers,V (2453)/
Villeneuve Tolosane 2007/CBM 117 ext/1-0 (45)}) 10... Nc6 (10... bxa3 $143 11.
Nxa3 d6 12. Nc4 Be7 13. Na5 $16 ) 11. Nxc6 Qxc6 12. Nd2 bxa3 13. b3
$1 Bb4 14. Bxa3 $14 Bxd2 15. Qxd2 Nxe4 16. Bxe4 Qxe4 17. f3 (17. Qg5 f6 $1 18.
Qxg7 O-O-O $132 ) 17... Qh4 18. Rad1 $14 Bc6 19. Qc3 Qg5 20. Rfe1 Rc8 21. Re5 (21. Rd5 $1 $36 {[%cal Gc3g7,
Gc3c8] Seul un module peut trouver ce genre de coup!}) 21... f5 $1 22. Rxf5 $5
{Spectaculaire mais les blancs ne vont pas obtenir grand-chose et il vallait
mieux choisir un autre plan.} (22. Rd3 Kf7 23. Qe1
Rhe8 $11 ) 22... exf5 (22... Qxf5 $2 23. Qxg7 $40 ) 23. Re1+ Kf7 24. Re7+ Qxe7 $1 {Une belle défense de la part de
l'ancien vainqueur du tournoi.} 25. Bxe7 Kxe7 26. Qxg7+ Ke6 27. Qh6+ Ke7 28.
Qg5+ {les blancs n'ont que 2 P pour la pièce et ils n'ont pas mieux que la
nulle} Ke6 29. Qe3+ Kf6 30. Qd4+ Kg6 31. Qd6+ Kf7 32. Qd3 Kf6 33. Qd6+ Kf7 34.
Qd3 Kf6 35. Qxa6 $1 $44 {[%csl Gb3][%cal Gb3b8] Avec le P passé, les blancs
ont quelques compensations} Rhe8 36. b4 Rb8 37. Qd3 Re6 38. c4 d6 39. b5 Ba8
40. Qd4+ Kg6 41. h4 h6 42. Kh2 Rg8 43. Qf4 Rf6 44. Kg1 Bb7 45. Kf2 Bc8 46. Qd4
Re6 47. Qd5 h5 48. Qc6 Kh6 49. b6 $36 f4 (49... Rge8 $142 50. b7
Re2+ 51. Kg3 f4+ 52. Kxf4 Rf8+ 53. Kg3 Rg8+ 54. Kf4 (54. Kh2 Rexg2+)) 50. b7
Bxb7 51. Qxb7 Reg6 52. Qf7 Rxg2+ 53. Kf1 R2g6 54. Qxf4+ Kg7 55. Qf5 Rf8 56.
Qxh5 Rf4 57. Qd5 Rxh4 58. Qb7+ Kh6 59. Qf7 Kg5 60. Ke2 Rf4 61. Qe7+ Rgf6 62.
Qg7+ 1/2-1/2